 Dungeon Crawl Stone Soup version 0.29.0-7-g18a832c13a (webtiles) character file.

Game seed: 10810145280430945319

126 blackman the Trooper (level 5, -3/44 HPs)
             Began as a Human Wanderer on Aug 30, 2022.
             Was a Believer of Cheibriados.
             Slain by an ogre
             ... wielding a +0 giant club
              (15 damage)
             ... on level 4 of the Dungeon.
             The game lasted 00:07:50 (3177 turns).

blackman the Trooper (Human Wanderer)               Turns: 3177, Time: 00:07:50

Health: -3/44      AC: 13    Str: 17    XL:     5   Next: 32%
Magic:  3/5        EV:  7    Int: 16    God:    Cheibriados [**....]
Gold:   152        SH:  0    Dex: 18    Spells: 4/4 levels left

rFire   . . .      SeeInvis +   u - +0 whip
rCold   . . .      Faith    .   (no shield)
rNeg    . . .      Spirit   .   k - +0 chain mail
rPois   +          Reflect  .   d - +1 helmet
rElec   .          Harm     .   (no cloak)
rCorr   .          Rampage  .   e - +2 pair of gloves of Gelo Nee {SInv}
Will    .....                   (no boots)
Stlth   ..........              (no amulet)
HPRegen 0.14/turn               o - ring of poison resistance
MPRegen 0.09/turn               (no ring)

@: mighty, brilliant, invisible, very slow
A: no striking features
a: Renounce Religion, Bend Time


You were on level 4 of the Dungeon.
You worshipped Cheibriados.
Cheibriados was pleased with you.
You visited 1 branch of the dungeon, and saw 5 of its levels.

You collected 152 gold pieces.

Inventory:

Hand Weapons
 a - a +0 short sword
 u - a +0 whip (weapon)
Armour
 d - a +1 helmet (worn)
 e - the +2 pair of gloves of Gelo Nee (worn) {SInv}
   (You acquired it on level 3 of the Dungeon)

   SInv:      It lets you see invisible.
 f - a +0 robe
 k - a +0 chain mail (worn)
Jewellery
 o - a ring of poison resistance (left hand)
 v - a ring of fire
Scrolls
 b - a scroll of fear
 g - 2 scrolls of amnesia
 h - a scroll of noise
 i - a scroll of magic mapping
 l - a scroll of brand weapon
 r - a scroll of immolation
Potions
 p - a potion of brilliance
 t - a potion of ambrosia {unknown}
 w - a potion of cancellation {unknown}


   Skills:
 - Level 5.0 Fighting
 - Level 3.0 Short Blades
 * Level 2.1 Axes
 - Level 2.0 Dodging
 - Level 2.0 Unarmed Combat


You had 4 spell levels left.
You didn't know any spells.
Your spell library contained the following spells:

 Spells                   Type           Power      Damage    Failure   Level
 Gell's Gravitas          Tloc           0%         N/A       100%        3
 Lesser Beckoning         Tloc           0%         N/A       100%        3
 Teleport Other           Tloc           0%         N/A       100%        3


Dungeon Overview and Level Annotations

Branches:
Dungeon (5/15)
 Temple: D:4-7

Altars:
Cheibriados
Kikubaaqudgha
Wu Jian

Shops:
D:4 (

Annotations:
D:3 Sigmund


Message History

You barely miss the goblin. You punch the goblin, but do no damage.
The goblin is severely wounded.
The goblin hits you with a +0 club.
You hit the goblin.
You kill the goblin!
Cheibriados appreciates the change of pace.
No target in view!
No target in view!
No target in view!
You see here a +0 club.
Found a stone staircase leading down.
There is a stone staircase leading down here.
Found a ring mail.
Unknown command.
There is a stone staircase leading down here.
An ogre is nearby!
Unknown command.
You have 152 gold pieces.
It was a potion of brilliance.
You feel clever all of a sudden.
The ogre shouts!
As you read the scroll labelled QEP VUMUHUL, it crumbles to dust.
It is a scroll of enchant armour.
Your +0 helmet glows green for a moment.
The ogre hits you with a +0 giant club!
It was a potion of might.
You feel very mighty all of a sudden. The ogre hits you with a +0 giant club!
You fail to use your ability.
The flow of time bends around you.
The ogre resists with some effort.
The ogre hits you with a +0 giant club!
* * * LOW HITPOINT WARNING * * *
You don't have enough magic at the moment.
You don't have enough magic at the moment.
It was a potion of invisibility.
You fade into invisibility!
The ogre closely misses you. The ogre completely misses you.
The ogre hits you with a +0 giant club!
You die...

#....## #.## #.##### #...## #.##
#.....# #...# ###.## #.###.####
#...# ###..... #........# #...#
#.......
.......##.#..#####...#####<#.....
...##..##.#................#.....
. #..#...............#.........
#..#..#....O@..........#.#.##
#........#####...#####.......
##.......# #...# ###.#.##
#.#..##.# #...#### #.#.# #.#..
#.# #......# #.... .... #.#
#>..##.# ###.## #.###
#.#####...##.# #.#
#.#####.........##.#
#...††...####...##.###


You could see an ogre (unable to see you).

Vanquished Creatures
  An orc wizard (D:5)
  3 adders
  An ufetubus (D:4)
  2 dart slugs
  4 orcs (D:5)
  3 ball pythons
  6 endoplasms
  6 giant cockroaches
  6 goblins
  11 hobgoblins
  A quokka (D:5)
  A bat (D:1)
  3 frilled lizards
  3 kobolds
  6 rats
57 creatures vanquished.

Vanquished Creatures (others)
  2 plants (D:4)
2 creatures vanquished.

Grand Total: 59 creatures vanquished

Notes
Turn   | Place    | Note
-------+----------+-------------------------------------------
     0 | D:1      | blackman the Human Wanderer began the quest for the Orb.
     0 | D:1      | blackman set off with the following items: a +0 short
                  | sword, a scroll of fear, a potion of heal wounds, a +0
                  | helmet, a scroll of summoning, a +0 robe.
     0 | D:1      | Reached XP level 1. HP: 18/18 MP: 1/1
   143 | D:1      | Reached XP level 2. HP: 4/24 MP: 2/2
   637 | D:1      | Reached skill level 4 in Fighting
   637 | D:1      | Reached XP level 3. HP: 30/30 MP: 3/3
  1684 | D:2      | Found a faded altar of an unknown god.
  1703 | D:2      | Prayed at the altar of an unknown god.
  1703 | D:2      | Became a worshipper of Cheibriados the Contemplative
  1703 | D:2      | Reached * piety under Cheibriados
  1769 | D:2      | Reached XP level 4. HP: 38/38 MP: 4/4
  2052 | D:3      | Found an ornate altar of the Wu Jian Council.
  2148 | D:3      | Reached skill level 5 in Fighting
  2170 | D:3      | Found an ancient bone altar of Kikubaaqudgha.
  2202 | D:3      | Noticed Sigmund
  2216 | D:3      | Identified a scroll of acquirement
  2217 | D:3      | Acquired the +2 pair of gloves of Gelo Nee {SInv}
  2280 | D:4      | Found Lacuwamm's Antique Weapon Boutique.
  2438 | D:4      | Noticed an ogre
  2450 | D:5      | Entered Level 5 of the Dungeon
  2761 | D:5      | Reached ** piety under Cheibriados
  2820 | D:5      | Reached skill level 1 in Axes
  2820 | D:5      | Reached XP level 5. HP: 16/44 MP: 5/5
  2831 | D:5      | HP: 2/44 [orc/+0 flail (7)]
  2936 | D:5      | Noticed a phantom
  3177 | D:4      | Slain by an ogre

Illustrated notes

Levels and vault maps discovered:
D:1:      zelgadis_glass_arrival_small, layout_loops_cross
D:2:      layout_rooms, hellmonk_ecumenical_altar_blasted,
          kennysheep_cross_room, minmay_hedge_maze
D:3:      layout_basic, mainiacjoe_overflow_alcove_2,
          mainiacjoe_overflow_catwalk, uniq_sigmund
D:4:      black_bear_nest_1, layout_loops_cross, cheibriados_altar_1,
          serial_shops, nicolae_shop_overgrown_old_shop, feat_on_display
D:5:      layout_basic, jmf_multi_god_temple, item_on_display_a

Skill      XL: |  1  2  3  4  5 |
---------------+----------------+-----
Fighting       | 4 5 |  5.0
Axes           | 1 2 |  2.1
Short Blades   | |  3.0
Dodging        | |  2.0
Unarmed Combat | |  2.0

Action                   |  1- 3 |  4- 6 || total
-------------------------+-------+-------++-------
Melee: Short sword       |   151 |    14 ||   165
       Punch             |     6 |     3 ||     9
       Whip              |       |   118 ||   118
Invok: Bend Time         |       |     1 ||     1
  Use: Scroll            |       |    10 ||    10
       Potion            |       |     6 ||     6
 Stab: Sleeping          |     1 |       ||     1
Armor: Robe              |    16 |       ||    16
       Chain mail        |    38 |   108 ||   146
Dodge: Dodged            |    59 |    59 ||   118
